[Event "ICCopen2017"]
[Site "Internet Chess Club"]
[Date "2017.03.19"]
[Round "7"]
[White "AlonzoMosely"]
[Black "RebelJohnny"]
[Result "0-1"]
[ICCResult "White forfeits on time"]
[WhiteElo "2263"]
[BlackElo "2024"]
[Opening "Trompowsky attack (Ruth, Opocenský opening)"]
[ECO "A45"]
[NIC "QP.07"]
[Time "20:25:53"]
[TimeControl "180+0"]

1. d4 Nf6 2. Bg5 Ne4 3. Bf4 d5 4. Nd2 Bf5 5. Nxe4 Bxe4 6. e3 Bg6 7. Bd3 e6
8. Ne2 c5 9. O-O Nc6 10. c3 Bd6 11. Bg3 Bxg3 12. hxg3 Qe7 13. Nf4 Bxd3 14.
Qxd3 O-O 15. f3 Rfd8 16. Rad1 Rac8 17. g4 Rd7 18. Kf2 Rcd8 19. Rh1 g6 20.
Rh6 e5 21. dxe5 Nxe5 22. Qc2 d4 23. cxd4 cxd4 24. Rdh1 dxe3+ 25. Kg3 Rd2 26.
Qe4 Rd1 27. Qxe3 Rxh1 28. Rxh1 Nc6 29. Qc3 Qe5 30. Qxe5 Nxe5 31. Rc1 Rd2 32.
Rc5 f6 33. g5 fxg5 34. Ne6 Nd3 35. Rc7 Ne1 36. Rg7+ Kh8 37. Rxb7 Rxg2+ 38.
Kh3 Kg8 39. Rg7+ Kh8 40. Rxa7 Kg8 41. Rg7+ Kh8 42. Rb7 Kg8 43. a4 Rf2 44. a5
Rxf3+ 45. Kh2 g4 46. a6 g3+ 47. Kh3 g2+ 48. Kh2 Rh3+ {White forfeits on
time} 0-1

[Event "ICCopen2017"]
[Site "Internet Chess Club"]
[Date "2017.03.19"]
[Round "7"]
[White "icewoman"]
[Black "glokoll"]
[Result "0-1"]
[ICCResult "White forfeits on time"]
[WhiteElo "1081"]
[BlackElo "1509"]
[Opening "Modern defense"]
[ECO "A40"]
[NIC "QO.17"]
[Time "20:27:00"]
[TimeControl "180+0"]

1. d4 g6 2. Nf3 Bg7 3. e3 c5 4. b3 cxd4 5. exd4 d5 6. Bb2 Nc6 7. Bd3 Nf6 8.
O-O O-O 9. Nbd2 Re8 10. Ne5 Nxe5 11. dxe5 Nd7 12. f4 Qb6+ 13. Kh1 e6 14. Rf3
Nc5 15. Be2 Qc6 16. Rh3 b5 17. Nf3 Ne4 18. Ng5 Nf2+ 19. Kg1 Nxh3+ 20. Kh1
Nxg5 21. fxg5 h5 22. Qf1 a6 23. c4 Bb7 24. cxd5 exd5 25. Bf3 Qe6 26. Qc1
Rac8 27. Qf4 Rf8 28. Qd2 Bxe5 29. Bxe5 Qxe5 30. Qf2 Qxa1+ 31. Qg1 Qxg1+ 32.
Kxg1 Rc1+ 33. Kf2 Rc2+ 34. Ke3 Rxa2 35. Kd4 Rd8 36. Bxd5 Rxd5+ 37. Ke4 Kg7
38. g3 Rdd2+ 39. Ke3 Rxh2 40. Kf4 Rab2 41. g4 hxg4 42. Kxg4 Rxb3
{White forfeits on time}
0-1

[Event "ICCopen2017"]
[Site "Internet Chess Club"]
[Date "2017.03.19"]
[Round "7"]
[White "zxgifteD"]
[Black "wagnerbi"]
[Result "0-1"]
[ICCResult "White resigns"]
[WhiteElo "2181"]
[BlackElo "1969"]
[Opening "Sicilian: closed, 2...Nc6"]
[ECO "B23"]
[NIC "SI.44"]
[Time "20:26:14"]
[TimeControl "180+0"]

1. e4 c5 2. Nc3 Nc6 3. Bb5 g6 4. Bxc6 bxc6 5. d4 cxd4 6. Qxd4 Nf6 7. e5 Nh5
8. e6 f6 9. exd7+ Qxd7 10. Qxd7+ Bxd7 11. Be3 e5 12. O-O-O Ng7 13. Ne4 Be7
14. Bc5 Ne6 15. Bxe7 Kxe7 16. Ne2 f5 17. Nd6 Rhd8 18. Nc4 e4 19. h4 Be8 20.
Rde1 Kf6 21. h5 g5 22. h6 Bf7 23. Rd1 Nf4 24. Nxf4 Bxc4 25. Nh5+ Kg6 26. Ng7
Rxd1+ 27. Rxd1 Rf8 28. b3 Bd5 29. c4 Bg8 30. Rh1 Rf6 31. Ne8 Re6 32. Nc7 Re7
33. Na6 f4 34. Nc5 e3 35. fxe3 fxe3 36. Re1 Kxh6 37. Nd3 Bf7 38. b4 Bxc4 39.
Nb2 Bb5 40. a4 Ba6 41. Kc2 g4 42. Kc3 Kg5 43. Nd1 Kf4 44. Nxe3 Rxe3+ 45.
Rxe3 Kxe3 46. b5 cxb5 47. axb5 Bxb5 48. Kb4 Bf1 {White resigns} 0-1

[Event "ICCopen2017"]
[Site "Internet Chess Club"]
[Date "2017.03.19"]
[Round "7"]
[White "RnZ"]
[Black "zhuzhenghai008"]
[Result "0-1"]
[ICCResult "White checkmated"]
[WhiteElo "2011"]
[BlackElo "1828"]
[Opening "King's Indian: Sämisch, 6...Nc6"]
[ECO "E83"]
[NIC "KI.36"]
[Time "20:25:40"]
[TimeControl "180+0"]

1. d4 Nf6 2. c4 g6 3. Nc3 Bg7 4. e4 d6 5. f3 O-O 6. Be3 Nc6 7. Qd2 a6 8.
Nge2 Na5 9. Nc1 Nd7 10. d5 c5 11. f4 Nb6 12. b3 Nd7 13. Rb1 Nf6 14. Be2 Bg4
15. O-O Bxe2 16. Qxe2 b5 17. cxb5 axb5 18. e5 Nd7 19. e6 Bxc3 20. exd7 Qxd7
21. Kh1 e6 22. Qf3 exd5 23. Qxd5 Qe6 24. Qf3 Rfe8 25. Bxc5 Qf5 26. Qxc3 dxc5
27. Ra1 b4 28. Qf3 Qc2 29. Nd3 Rad8 30. Ne5 Rd2 31. Ng4 Qb2 32. Rab1 Qg7 33.
Rf2 Rxf2 34. Qxf2 h5 35. Ne3 Qd4 36. Re1 c4 37. Kg1 cxb3 38. axb3 Nxb3 39.
Nc2 Rxe1+ 40. Nxe1 Qd1 41. Qe3 Nc1 42. Kf2 Qd7 43. Qe8+ Qxe8 44. Nf3 Nd3+
45. Kg3 b3 46. Ng5 b2 47. Ne4 b1=Q 48. Nf6+ Kf8 49. Nxe8 Kxe8 50. h3 Nxf4
51. Kh2 Qb4 52. Kg3 Qd6 53. Kh4 Nd5 54. Kg5 Qf4# {White checkmated} 0-1

[Event "ICCopen2017"]
[Site "Internet Chess Club"]
[Date "2017.03.19"]
[Round "7"]
[White "sanguine"]
[Black "Persi"]
[Result "1-0"]
[ICCResult "Black forfeits on time"]
[WhiteElo "1130"]
[BlackElo "1266"]
[Opening "Queen's bishop game"]
[ECO "D02"]
[NIC "QP.08"]
[Time "20:26:04"]
[TimeControl "180+0"]

1. d4 d5 2. Nf3 Nf6 3. Bf4 e6 4. Nc3 Bd6 5. Qb1 Bxf4 6. e4 dxe4 7. Ne5 Bd7
8. Nxf7 Kxf7 9. Ne2 Bd6 10. c3 Rf8 11. f4 exf3 12. gxf3 Kg8 13. Bh3 e5 14.
Bg2 exd4 15. Rg1 Qe7 16. Qd3 a6 17. O-O-O dxc3 18. Nxc3 Bf4+ 19. Kb1 Nc6 20.
Qc4+ Kh8 21. Qxf4 Nd5 22. Qd2 Nxc3+ 23. bxc3 Ne5 24. f4 Nc4 25. Qd3 Na3+ 26.
Kb2 Bf5 27. Qd4 Rad8 28. Bd5 c6 29. Rxg7 Qxg7 30. Qa4 cxd5 31. Qxa3
{Black forfeits on time}
1-0

[Event "ICCopen2017"]
[Site "Internet Chess Club"]
[Date "2017.03.19"]
[Round "7"]
[White "Indiana-Jones"]
[Black "Hesham-A"]
[Result "1-0"]
[ICCResult "Black resigns"]
[WhiteElo "2753"]
[BlackElo "2533"]
[Opening "QGD"]
[ECO "A13"]
[NIC "QP.09"]
[Time "20:26:54"]
[TimeControl "180+0"]

1. Nf3 d5 2. c4 e6 3. d4 Nf6 4. Bg5 Nbd7 5. e3 h6 6. Bh4 g5 7. Bg3 Bb4+ 8.
Nbd2 g4 9. a3 Ba5 10. b4 gxf3 11. Nxf3 c6 12. bxa5 Qxa5+ 13. Qd2 Qxd2+ 14.
Nxd2 Ke7 15. Bh4 Nf8 16. f3 Ng6 17. Bg3 h5 18. h4 b6 19. a4 Bd7 20. Bd3 Rhg8
21. Kf2 Ne8 22. a5 Nd6 23. Rhb1 f5 24. axb6 axb6 25. Rxa8 Rxa8 26. Rxb6 Ra2
27. Ke1 Nxc4 28. Bxc4 dxc4 29. Nxc4 Rxg2 30. Bf2 Rh2 31. Rb7 Kd8 32. Nb6 Be8
33. Bg3 Rh1+ 34. Kf2 f4 35. exf4 Nxh4 36. f5 Nxf5 37. Be5 Bg6 38. Bf6+ Ke8
39. Nc4 Rc1 40. Ne5 Rc2+ 41. Ke1 {Black resigns} 1-0

[Event "ICCopen2017"]
[Site "Internet Chess Club"]
[Date "2017.03.19"]
[Round "7"]
[White "hamlet"]
[Black "MassCarnage"]
[Result "0-1"]
[ICCResult "White checkmated"]
[WhiteElo "1668"]
[BlackElo "1862"]
[Opening "Alekhine's defense: Scandinavian variation"]
[ECO "B02"]
[NIC "AL.10"]
[Time "20:26:18"]
[TimeControl "180+0"]

1. e4 Nf6 2. Nc3 d5 3. e5 d4 4. exf6 dxc3 5. fxg7 cxd2+ 6. Bxd2 Bxg7 7. c3
Qd5 8. Nf3 Bg4 9. Be2 Nc6 10. O-O O-O-O 11. Be3 Qh5 12. Qb3 Bf6 13. Rfd1
Rhg8 14. Kh1 Ne5 15. Nxe5 Bxe5 16. Rxd8+ Kxd8 17. f4 Bxe2 18. Qd5+ Kc8 19.
fxe5 e6 20. Qd4 b6 21. Qe4 Kb8 22. Re1 Ba6 23. Qf3 Qg6 24. Re2 Bxe2 25. Qxe2
Qe4 26. h3 Qxe5 27. Qf3 Qd5 28. Qf2 f5 29. Bf4 e5 30. Bh6 f4 31. Kh2 Rg3 32.
Bf8 Qf7 33. Ba3 Qg6 34. Qd2 Qg5 35. Qd8+ Qxd8 36. h4 Qd2 37. Be7 Qxg2#
{White checkmated}
0-1

[Event "ICCopen2017"]
[Site "Internet Chess Club"]
[Date "2017.03.19"]
[Round "7"]
[White "MaxiBomb"]
[Black "dalaz"]
[Result "1-0"]
[ICCResult "Black resigns"]
[WhiteElo "2112"]
[BlackElo "1559"]
[Opening "English opening"]
[ECO "A10"]
[NIC "EO.64"]
[Time "20:26:41"]
[TimeControl "180+0"]

1. c4 g6 2. g3 Bg7 3. Bg2 Nf6 4. Nc3 O-O 5. e4 c6 6. Nge2 d6 7. O-O a5 8. d3
e5 9. h3 Qe7 10. Kh2 Na6 11. f4 Nh5 12. f5 Nc5 13. g4 Nf6 14. g5 Nh5 15. f6
Nxf6 16. gxf6 Bxf6 17. Bh6 Bg7 18. Bxg7 Kxg7 19. Ng3 Ne6 20. Nce2 f5 21.
exf5 gxf5 22. Qd2 f4 23. Ne4 Ng5 24. Nxg5 Qxg5 25. Bf3 Qh4 26. Rg1+ Kh8 27.
Bg4 Rg8 28. Qe1 Qh6 29. Bxc8 Raxc8 30. Qf2 Qh5 31. Rxg8+ Rxg8 32. Rg1 Rxg1
33. Nxg1 Qd1 34. Qe2 Qb1 35. b3 a4 36. bxa4 Qb6 37. Nf3 Qb4 38. d4 Qc3 39.
dxe5 h5 40. exd6 h4 41. d7 {Black resigns} 1-0

[Event "ICCopen2017"]
[Site "Internet Chess Club"]
[Date "2017.03.19"]
[Round "7"]
[White "habishek"]
[Black "blackjack721"]
[Result "0-1"]
[ICCResult "White forfeits on time"]
[WhiteElo "1013"]
[BlackElo "1382"]
[Opening "KP: Indian opening"]
[ECO "C20"]
[NIC "KP.07"]
[Time "20:25:56"]
[TimeControl "180+0"]

1. e4 e5 2. d3 Nc6 3. Nf3 d6 4. Bg5 f6 5. Bh4 Be7 6. Be2 Be6 7. Nbd2 h5 8.
h3 g5 9. Bg3 Qd7 10. Nb3 O-O-O 11. Qd2 g4 12. hxg4 Bxg4 13. O-O-O Nh6 14. d4
f5 15. exf5 Bxf3 16. Bxf3 Nxf5 17. dxe5 Nxg3 18. fxg3 h4 19. exd6 cxd6 20.
gxh4 Rxh4 21. Rxh4 Bxh4 22. Qe2 Bg5+ 23. Kb1 Kb8 24. Bg4 Qg7 25. Bf3 Ne5 26.
Nd4 Nxf3 27. Ne6 Qe7 28. gxf3 Re8 29. Re1 d5 30. Qe5+ Kc8 31. a3 Bf6 32. Qe3
d4 33. Qe4 Qd6 34. Ka2 Qc6 {White forfeits on time} 0-1

[Event "ICCopen2017"]
[Site "Internet Chess Club"]
[Date "2017.03.19"]
[Round "7"]
[White "simplerxiao"]
[Black "manitodeplomo"]
[Result "0-1"]
[ICCResult "White forfeits on time"]
[WhiteElo "2007"]
[BlackElo "2558"]
[Opening "Robatsch defense"]
[ECO "B06"]
[NIC "KF.05"]
[Time "20:26:00"]
[TimeControl "180+0"]

1. e4 g6 2. d4 Bg7 3. Nc3 c5 4. d5 d6 5. f4 Nf6 6. Nf3 O-O 7. Bd3 e6 8. O-O
exd5 9. exd5 a6 10. f5 b5 11. Ng5 Nbd7 12. fxg6 hxg6 13. Nce4 c4 14. Be2 Re8
15. Bf3 Bb7 16. Nxf7 Kxf7 17. Nxd6+ Kg8 18. Nxe8 Qxe8 19. Kh1 Qf7 20. Bg5
Bxd5 21. Bg4 Rf8 22. Bh3 Ne5 23. Qd4 Nc6 24. Qc5 Ne4 25. Rxf7 Nxc5 26. Rxf8+
Bxf8 27. Rd1 Be4 28. b3 Bxc2 29. Rc1 Bd3 30. bxc4 Bxc4 31. Be3 Nd3 32. Rc3
Kf7 33. a4 Bc5 34. Bxc5 Nxc5 35. axb5 axb5 36. Bg4 Kf6 37. Rf3+ Ke5 38. Bc8
b4 39. Re3+ Kd4 40. Rg3 b3 41. Rxg6 b2 42. Bf5 Bd3 43. Rg4+ Kc3 44. Bxd3
Nxd3 45. h4 b1=Q+ 46. Kh2 Nd4 47. Rg3 Qe1 48. h5 Qe4 49. Kh3 Kd2 50. h6 Nf4+
51. Kh4 Nde2 52. Rg4 Qf5 53. g3 Ng2+ 54. Kh3 Qf1 55. Rh4 Ng1+ 56. Kg4 Ke1
57. Kg5 Ne2 58. Kg6 Qf2 {White forfeits on time} 0-1

[Event "ICCopen2017"]
[Site "Internet Chess Club"]
[Date "2017.03.19"]
[Round "7"]
[White "Eliezer"]
[Black "MiodragJevtic"]
[Result "1-0"]
[ICCResult "Black resigns"]
[WhiteElo "1545"]
[BlackElo "1785"]
[Opening "Ruy Lopez: Cozio defense"]
[ECO "C60"]
[NIC "RL.04"]
[Time "20:28:42"]
[TimeControl "180+0"]

1. e4 e5 2. Nf3 Nc6 3. Bb5 Nge7 4. h3 d6 5. d3 Bd7 6. Be3 Ng6 7. Nbd2 Be7 8.
O-O h6 9. Bxc6 Bxc6 10. Re1 Bd7 11. Nf1 Bg5 12. Qd2 Bxe3 13. fxe3 O-O 14.
N3h2 Qg5 15. Qf2 Nh4 16. Qg3 Qe7 17. Nf3 Nxf3+ 18. Qxf3 f5 19. exf5 Bxf5 20.
Qg3 Rf7 21. e4 Be6 22. Ne3 Raf8 23. Rf1 Rxf1+ 24. Rxf1 Rxf1+ 25. Kxf1 c5 26.
b3 b5 27. Qf3 a5 28. Nf5 a4 29. Nxe7+ {Black resigns} 1-0

[Event "ICCopen2017"]
[Site "Internet Chess Club"]
[Date "2017.03.19"]
[Round "7"]
[White "INDIAN-ELEPHANT"]
[Black "Falstaf"]
[Result "1-0"]
[ICCResult "Black resigns"]
[WhiteElo "2715"]
[BlackElo "2939"]
[Opening "Queen's pawn game"]
[ECO "A50"]
[NIC "QP.07"]
[Time "20:26:36"]
[TimeControl "180+0"]

1. d4 Nf6 2. c4 g5 3. Bxg5 Bg7 4. Nc3 c5 5. d5 d6 6. e4 Qa5 7. Bd2 Qb6 8.
Qc2 Na6 9. a3 O-O 10. Nf3 e6 11. Bd3 exd5 12. cxd5 Bg4 13. Nh4 Rac8 14. O-O
Qd8 15. g3 c4 16. Be2 Bh3 17. Rfe1 Nc5 18. Bxc4 Ncxe4 19. Nxe4 b5 20. Bg5
Rxc4 21. Qd3 h6 22. Nxf6+ Bxf6 23. Bxh6 Re8 24. Ng2 Re5 25. Nf4 Bf5 26. Qf3
Qd7 27. Nh5 Bh8 28. Nf4 Rc2 29. Rxe5 dxe5 30. Nh5 Rxb2 31. Rc1 Kh7 32. Be3
Bg6 33. Nf6+ Bxf6 34. Qxf6 Qh3 35. Qxe5 Re2 36. Qf4 a5 37. Bd4 b4 38. Qf6
{Black resigns}
1-0

[Event "ICCopen2017"]
[Site "Internet Chess Club"]
[Date "2017.03.19"]
[Round "7"]
[White "leonardoalmeida"]
[Black "mvillalba"]
[Result "0-1"]
[ICCResult "White forfeits on time"]
[WhiteElo "1833"]
[BlackElo "2163"]
[Opening "Van't Kruijs opening"]
[ECO "A00"]
[Time "20:26:36"]
[TimeControl "180+0"]

1. e3 d5 2. b3 Nf6 3. Bb2 g6 4. Nf3 Bg7 5. Be2 O-O 6. a3 c5 7. d4 Ne4 8. Qc1
Qa5+ 9. Nbd2 cxd4 10. b4 Qc7 11. Bxd4 e5 12. Bb2 Nc3 13. Bd1 Bf5 14. O-O Nd7
15. Re1 Nxd1 16. Rxd1 Qxc2 17. Qxc2 Bxc2 18. Rdc1 Rac8 19. g3 f6 20. a4 Rc7
21. b5 Rfc8 22. h4 Bf8 23. Ba3 Bxa3 24. Rxa3 Bf5 25. Rxc7 Rxc7 26. Kg2 Rc2
27. Nb1 Be4 28. Nc3 Bxf3+ 29. Kxf3 Rd2 30. Ra2 Rxa2 31. Nxa2 Kf7 32. Nb4 Ke6
33. a5 Kd6 34. Ke2 Nc5 35. a6 bxa6 36. bxa6 Ne4 37. g4 Kc5 38. Nd3+ Kb6 39.
h5 Nd6 40. hxg6 hxg6 41. f3 Nc4 42. Nb4 Kc5 43. Nd3+ Kd6 44. Kf2 Nd2 45. Ke2
Nb3 46. Nb4 Nc5 47. Kd2 Nd7 48. Kd3 Nb8 49. f4 Kc5 50. fxe5 fxe5
{White forfeits on time}
0-1

[Event "ICCopen2017"]
[Site "Internet Chess Club"]
[Date "2017.03.19"]
[Round "7"]
[White "Koval"]
[Black "justinchess"]
[Result "1-0"]
[ICCResult "Black forfeits on time"]
[WhiteElo "1927"]
[BlackElo "2215"]
[Opening "Queen's pawn"]
[ECO "A40"]
[NIC "QO.17"]
[Time "20:26:04"]
[TimeControl "180+0"]

1. d4 e6 2. Nc3 b6 3. e4 Bb7 4. Bd3 c5 5. d5 Nf6 6. Bg5 Be7 7. Qd2 Nxd5 8.
Bxe7 Nxe7 9. Nf3 d6 10. Rd1 Nbc6 11. Bb5 O-O 12. Qxd6 Nd4 13. Qxd8 Rfxd8 14.
Bd3 Nxf3+ 15. gxf3 Ng6 16. Ke2 a6 17. Ke3 b5 18. b3 Kf8 19. h4 h6 20. h5 Ne5
21. f4 Ng4+ 22. Kf3 Nf6 23. Ke3 Rac8 24. f3 Bc6 25. Be2 b4 26. Nb1 Bb5 27.
Nd2 Ke7 28. Nc4 Ra8 29. Rxd8 Rxd8 30. Bd3 Bxc4 31. Bxc4 a5 32. Bd3 Ra8 33.
a4 Rd8 34. Rh4 Rd7 35. Bc4 Rc7 36. f5 e5 37. f4 Nd7 38. Rg4 Kf6 39. Bb5
exf4+ 40. Kxf4 Ne5 41. Rg2 c4 42. bxc4 Nxc4 43. Re2 Ne5 44. Rd2 Nc4 45. Rd5
Ke7 46. e5 Nb6 47. Rd2 Rc5 48. Rg2 Nd5+ 49. Ke4 Nc3+ 50. Kd4 Rc7 51. Rxg7
Nxb5+ 52. axb5 Rxc2 53. e6 b3 54. Rxf7+ Ke8 55. Ra7 b2 56. f6 Rc8 57. Rh7
Kd8 58. Rd7+ Ke8 59. f7+ Kf8 60. Rc7 b1=Q 61. Rxc8+ Ke7 62. f8=Q+ Kxe6 63.
Rc6+ Kd7 64. Qc8+ Ke7 65. Re6+ Kf7 66. Qe8+ Kg7 67. Rg6+ Qxg6 68. hxg6
{Black forfeits on time}
1-0

[Event "ICCopen2017"]
[Site "Internet Chess Club"]
[Date "2017.03.19"]
[Round "7"]
[White "tirandopiezas"]
[Black "Mysterious17"]
[Result "1-0"]
[ICCResult "Black forfeits on time"]
[WhiteElo "1812"]
[BlackElo "1655"]
[Opening "Alekhine's defense: Krejcik variation"]
[ECO "B02"]
[NIC "AL.10"]
[Time "20:26:42"]
[TimeControl "180+0"]

1. e4 Nf6 2. Bc4 Nxe4 3. Bxf7+ Kxf7 4. Qh5+ g6 5. Qd5+ e6 6. Qxe4 Bg7 7. d4
Rf8 8. Nf3 d5 9. Qd3 Kg8 10. Bg5 Qd6 11. Nc3 c5 12. O-O-O cxd4 13. Nxd4 Nc6
14. Ndb5 Qd7 15. Be3 a6 16. Nd4 Ne5 17. Qe2 Nc4 18. f4 Qd6 19. g3 Qb4 20.
Nb3 Bxc3 21. bxc3 Qxc3 22. Bd4 Qb4 23. Qe5 Nxe5 24. Bxe5 a5 25. Rd4 Qb6 26.
a4 Rf5 27. h4 Bd7 28. g4 Rff8 29. h5 Qd8 30. hxg6 hxg6 31. Rh8+ Kf7 32. Rh7+
Ke8 33. Nc5 Bc6 34. Nxe6 Qc8 35. Nxf8 Qxg4 36. Rh8 Qg1+ 37. Kb2 Kf7 38. f5
Rxf8 39. fxg6+ Ke7 40. g7 Rd8 41. Rf4 Qd1 42. Rxd8 Kxd8 43. g8=Q+ Kd7 44.
Rf7+ {Black forfeits on time} 1-0

[Event "ICCopen2017"]
[Site "Internet Chess Club"]
[Date "2017.03.19"]
[Round "7"]
[White "cloak1"]
[Black "bhaiju"]
[Result "1-0"]
[ICCResult "Black forfeits on time"]
[WhiteElo "1876"]
[BlackElo "1723"]
[Opening "Réti: King's Indian attack"]
[ECO "A08"]
[NIC "QP.09"]
[Time "20:26:38"]
[TimeControl "180+0"]

1. Nf3 d5 2. g3 c5 3. Bg2 Nc6 4. O-O e5 5. d3 f5 6. c4 d4 7. a3 Nf6 8. b4
cxb4 9. axb4 Bxb4 10. Nxe5 Nxe5 11. Qa4+ Nc6 12. Bxc6+ bxc6 13. Qxb4 Qe7 14.
Qa5 Kf7 15. Ba3 Qxe2 16. Qc7+ Kg6 17. Qxc6 Bd7 18. Qg2 Qxd3 19. h3 Rac8 20.
Bd6 Bc6 21. f3 Rhe8 22. Ra2 Qxc4 23. Raf2 Nd5 24. Nd2 Qc3 25. g4 f4 26. Qh2
Qe3 27. Ne4 Nc3 28. Bxf4 Qd3 29. Nxc3 dxc3 30. Qg3 Re2 31. Qh4 Rxf2 32. Qh5+
Kf6 33. Qe5+ Kf7 34. Rxf2 Re8 35. Qc7+ Bd7 36. Kg2 Re2 37. Bg3 Rxf2+ 38.
Bxf2 h6 39. Qf4+ Kg8 40. Qe4 Qxe4 41. fxe4 {Black forfeits on time} 1-0

[Event "ICCopen2017"]
[Site "Internet Chess Club"]
[Date "2017.03.19"]
[Round "7"]
[White "BotanicalKnight"]
[Black "colombier"]
[Result "1-0"]
[ICCResult "Black forfeits on time"]
[WhiteElo "1526"]
[BlackElo "1374"]
[Opening "French: Labourdonnais variation"]
[ECO "C00"]
[NIC "FR.01"]
[Time "20:26:31"]
[TimeControl "180+0"]

1. e4 e6 2. f4 d5 3. e5 c5 4. g3 Nc6 5. Bg2 Qb6 6. Nf3 Bd7 7. O-O Nge7 8.
Kh1 Rc8 9. Nc3 Nf5 10. d3 Be7 11. g4 Nh6 12. h3 O-O 13. f5 exf5 14. Bxh6
gxh6 15. gxf5 d4 16. Nd5 Qd8 17. f6 Be6 18. fxe7 Nxe7 19. Nxe7+ Qxe7 20. Qd2
Kh8 21. Qxh6 Rg8 22. Qf6+ Qxf6 23. exf6 Rg3 24. Kh2 Rcg8 25. Nh4 R8g5 26.
Nf3 Rg6 27. Nh4 R6g5 28. Rae1 h5 29. Rf2 Kh7 30. Re4 Bd5 31. Ref4 Bxg2 32.
Rxg2 Rxg2+ 33. Nxg2 Re5 34. Rf2 Kg6 35. Nf4+ Kf5 36. Nxh5+ Kg5 37. Ng3 Re1
38. Ne4+ Kg6 39. a3 Rb1 40. b3 Rb2 41. a4 b6 42. Nd6 Kg5 43. Ne4+ Kh4 44.
Rf4+ Kh5 45. Rf2 {Black forfeits on time} 1-0

[Event "ICCopen2017"]
[Site "Internet Chess Club"]
[Date "2017.03.19"]
[Round "7"]
[White "biljanic"]
[Black "Mamba"]
[Result "0-1"]
[ICCResult "White forfeits on time"]
[WhiteElo "2009"]
[BlackElo "2608"]
[Opening "QGD: Cambridge Springs defense, Capablanca variation"]
[ECO "D52"]
[NIC "QO.15"]
[Time "20:26:29"]
[TimeControl "180+0"]

1. d4 Nf6 2. c4 e6 3. Nc3 d5 4. Bg5 Nbd7 5. e3 c6 6. Nf3 Qa5 7. Bxf6 Nxf6 8.
Bd3 Bb4 9. Qb3 O-O 10. O-O b6 11. Rfd1 Bxc3 12. bxc3 Ba6 13. cxd5 Bxd3 14.
Rxd3 cxd5 15. Qb4 Qxb4 16. cxb4 Rac8 17. b5 Rc2 18. Ra3 Rfc8 19. g3 R8c7 20.
Ne5 Ne4 21. Nc6 a5 22. bxa6 R2xc6 23. a7 Rxa7 24. Rxa7 g5 25. a4 g4 26. h3
h5 27. hxg4 hxg4 28. a5 bxa5 29. R7xa5 Rc2 30. R5a2 Rc4 31. Ra4 Rc3 32. R4a3
Rc6 33. Ra6 Rc3 34. R6a3 Kg7 35. Rxc3 Nxc3 36. Ra7 Kg6 37. Kg2 Ne4 38. Ra8
Ng5 39. Rg8+ Kf6 40. Rxg5 Kxg5 41. Kf1 Kf5 42. Ke2 Ke4 43. Ke1 Kd3 44. Kd1
f6 45. Ke1 Kc3 46. Ke2 Kc2 {White forfeits on time} 0-1

[Event "ICCopen2017"]
[Site "Internet Chess Club"]
[Date "2017.03.19"]
[Round "7"]
[White "Kronus"]
[Black "marinocid"]
[Result "0-1"]
[ICCResult "White checkmated"]
[WhiteElo "1557"]
[BlackElo "1832"]
[Opening "Sicilian"]
[ECO "B50"]
[NIC "SI.01"]
[Time "20:28:06"]
[TimeControl "180+0"]

1. e4 c5 2. Nf3 d6 3. Nc3 Nf6 4. d3 Nc6 5. Be2 Bg4 6. h3 Bh5 7. g4 Bg6 8.
Bg5 e6 9. h4 h6 10. Bxf6 Qxf6 11. h5 Bh7 12. Qd2 Be7 13. O-O-O a6 14. Nh4
Nd4 15. f4 Nxe2+ 16. Qxe2 Qd4 17. Nf3 Qb4 18. a3 Qb6 19. f5 Bf6 20. d4 cxd4
21. Na4 Qa5 22. Qc4 O-O 23. fxe6 fxe6 24. Qxe6+ Kh8 25. g5 Bg8 26. Qf5 Bxg5+
27. Nxg5 Rxf5 28. exf5 Qxa4 29. f6 hxg5 30. h6 gxf6 31. Rde1 Rc8 32. Rh2 Bh7
33. c3 dxc3 34. Re7 cxb2+ 35. Kxb2 Rc2+ 36. Ka1 Qxa3+ 37. Kb1 Qb2#
{White checkmated}
0-1

[Event "ICCopen2017"]
[Site "Internet Chess Club"]
[Date "2017.03.19"]
[Round "7"]
[White "fishbein"]
[Black "saya"]
[Result "0-1"]
[ICCResult "White checkmated"]
[WhiteElo "2633"]
[BlackElo "2810"]
[Opening "Réti: King's Indian attack (Barcza system)"]
[ECO "A07"]
[NIC "QP.09"]
[Time "20:26:21"]
[TimeControl "180+0"]

1. Nf3 d5 2. g3 c6 3. Bg2 Bg4 4. O-O Nd7 5. d3 e6 6. c4 dxc4 7. dxc4 Ngf6 8.
Nc3 Qc7 9. h3 Bh5 10. Bf4 e5 11. Bg5 Be7 12. Nh4 Bg6 13. Nxg6 hxg6 14. Rc1
O-O 15. e3 Rfe8 16. a3 a5 17. Qc2 Nf8 18. Rfd1 Ne6 19. Bxf6 gxf6 20. g4 Kg7
21. Ne4 Rad8 22. Rxd8 Rxd8 23. Rd1 Rd7 24. Kf1 Qd8 25. Rxd7 Qxd7 26. Qd2 Qc7
27. Qc3 Qb6 28. h4 Kg8 29. Bh3 Nc5 30. Nxc5 Qxc5 31. Qc2 Kg7 32. Bg2 b5 33.
Qe4 Qd6 34. Bf3 Qd2 35. Qxc6 b4 36. axb4 axb4 37. Bd5 Qd1+ 38. Kg2 Qxg4+ 39.
Kf1 Qd1+ 40. Kg2 Qg4+ 41. Kf1 Qxh4 42. Qd7 f5 43. c5 Bxc5 44. Bxf7 Qh1+ 45.
Ke2 Qh5+ 46. Kd2 Kh6 47. Qd8 Qf3 48. Qh8+ Kg5 49. Qxe5 Qxf2+ 50. Kd3 Qf1+
51. Kd2 Qb1 52. Qxc5 Qxb2+ 53. Kd3 Qb1+ 54. Kd4 Qd1+ 55. Ke5 Qa1+ 56. Ke6
Qf6+ 57. Kd7 Qxf7+ 58. Kc6 Qe6+ 59. Kc7 b3 60. Qc3 Kg4 61. Qd4+ Qe4 62. Qc3
g5 63. Kd6 Kf3 64. Kc7 Qxe3 65. Qc6+ Qe4 66. Qg6 Kg4 67. Qb6 Qf4+ 68. Kc8
Qe4 69. Qxb3 Kh5 70. Qd1+ Qg4 71. Qd6 f4+ 72. Kc7 Qf5 73. Qe7 Kg4 74. Kb8 f3
75. Qe1 Qf4+ 76. Qe5 f2 77. Qxf4+ Kxf4 78. Ka8 f1=Q 79. Kb7 Qb5+ 80. Ka8 Qd7
81. Kb8 Ke5 82. Ka8 Kd5 83. Kb8 Kc6 84. Ka8 Qb7# {White checkmated} 0-1

[Event "ICCopen2017"]
[Site "Internet Chess Club"]
[Date "2017.03.19"]
[Round "7"]
[White "cap78red"]
[Black "ivancele"]
[Result "0-1"]
[ICCResult "White forfeits on time"]
[WhiteElo "1364"]
[BlackElo "1479"]
[Opening "Gedult's opening"]
[ECO "A00"]
[Time "20:26:22"]
[TimeControl "180+0"]

1. f3 d6 2. g4 c6 3. Kf2 e5 4. Kg3 h5 5. g5 Qxg5+ 6. Kf2 Qh4+ 7. Kg2 Nf6 8.
Nh3 Bxh3+ 9. Kg1 Bxf1 10. Qe1 Nbd7 11. Qxh4 g5 12. Qf2 Bh3 13. Nc3 g4 14.
fxg4 Nxg4 15. Qg3 Rg8 16. Qxh3 Ne3+ 17. Kf2 Nxc2 18. Rg1 Rxg1 19. Kxg1 Nxa1
20. b3 Nc2 21. Bb2 Nd4 22. Ne4 Nxe2+ 23. Kf2 Nf4 24. Qe3 a6 25. d4 O-O-O 26.
dxe5 dxe5 27. Bxe5 Nxe5 28. Qa7 Nd7 29. Kf3 Nd5 30. Qg1 Ne5+ 31. Ke2 Bh6 32.
Qf2 Nf4+ 33. Kf1 Rd1+ 34. Qe1 Rxe1+ 35. Kxe1 h4 36. Nf2 f5 37. h3 Ned3+ 38.
Nxd3 Nxd3+ 39. Ke2 Nc1+ 40. Kd1 Nxa2 41. Kc2 Nb4+ 42. Kc3 Nd5+ 43. Kd4 Nf4
44. Ke5 Nxh3 45. Kxf5 Bd2 46. Kg4 Nf2+ 47. Kxh4 Ne4 48. Kg4 Nc5 49. Kf5 Nxb3
50. Ke6 a5 {White forfeits on time} 0-1

[Event "ICCopen2017"]
[Site "Internet Chess Club"]
[Date "2017.03.19"]
[Round "7"]
[White "notetengomiedo"]
[Black "allmight"]
[Result "1/2-1/2"]
[ICCResult "Game drawn because neither player has mating material"]
[WhiteElo "1660"]
[BlackElo "1917"]
[Opening "Modern defense: Averbakh system, Kotov variation"]
[ECO "B06"]
[NIC "KF.03"]
[Time "20:26:08"]
[TimeControl "180+0"]

1. e4 g6 2. d4 Bg7 3. c4 d6 4. Nc3 Nc6 5. Nf3 Bg4 6. Be3 e5 7. d5 Nd4 8. Be2
Bxf3 9. Bxf3 Ne7 10. O-O c5 11. Be2 O-O 12. Bd3 f5 13. f4 exf4 14. Bxf4 a6
15. exf5 Nexf5 16. Ne4 b5 17. Ng5 Qd7 18. Qg4 Rae8 19. Rae1 bxc4 20. Bxc4
Qa4 21. b3 Qxa2 22. Qh3 h6 23. Ne6 Rf7 24. g4 Ne7 25. Bxh6 Bxh6 26. Rxf7
Kxf7 27. Rf1+ Kg8 28. Qxh6 Nxe6 29. dxe6 Qb2 30. Qf4 Qd4+ 31. Qxd4 cxd4 32.
Rd1 d5 33. Bxa6 Kg7 34. Rxd4 Kf6 35. Be2 Kxe6 36. b4 Ke5 37. Rd2 Nc6 38. b5
Nd4 39. Kf2 Rb8 40. Rb2 Rh8 41. Kg3 Rb8 42. b6 Ne6 43. h3 d4 44. Bd3 Nc5 45.
Bxg6 d3 46. Rd2 Kd4 47. h4 Kc3 48. Rd1 d2 49. h5 Rxb6 50. Bf5 Na4 51. g5 Nb2
52. Rf1 d1=Q 53. Rxd1 Nxd1 54. g6 Rf6 55. Kf4 Ne3 56. Kg5 Rxf5+ 57. Kh6 Ng4+
58. Kh7 Rxh5+ 59. Kg7 Rg5 60. Kf7 Rxg6 61. Kxg6
{Game drawn because neither player has mating material}
1/2-1/2